 Dungeon Crawl Stone Soup version 0.27.1-34-g3ba077fa99 (webtiles) character file.

Game seed: 14544681954919047017

469 LLlMATKO the Skirmisher (level 6, -2/57 HPs)
             Began as a Minotaur Berserker on Jan 9, 2022.
             Was a Believer of Trog.
             Slain by Grinder (5 damage)
             ... on level 5 of the Dungeon.
             The game lasted 00:05:09 (4024 turns).

LLlMATKO the Skirmisher (Minotaur Berserker)        Turns: 4024, Time: 00:05:10

Health: -2/57      AC: 11    Str: 21    XL:     6   Next: 82%
Magic:  5/5        EV: 12    Int:  4    God:    Trog [**....]
Gold:   175        SH:  0    Dex: 18    Spells: 5/5 levels left

rFire    . . .     SeeInvis .   k - +0 morningstar
rCold    . . .     Faith    .   (no shield)
rNeg     . . .     Spirit   .   q - +0 scale mail
rPois    .         Reflect  +   v - +2 hat
rElec    .         Harm     .   t - +0 cloak
rCorr    .         Rampage  .   o - +0 pair of gloves
Will     .....                  (no boots)
Stlth    ..........             a - amulet of reflection
HPRegen  0.19/turn              f - +6 ring of dexterity
MPRegen  0.09/turn              (no ring)

@: confused, on berserk cooldown, slowed, very slow
A: horns 2, retaliatory headbutt
a: Renounce Religion, Berserk, Trog's Hand


You were on level 5 of the Dungeon.
You worshipped Trog.
Trog was pleased with you.
You visited 1 branch of the dungeon, and saw 5 of its levels.

You collected 175 gold pieces.

Inventory:

Hand Weapons
 k - a +0 morningstar (weapon)
Missiles
 c - 75 stones (quivered)
 h - 26 bolts
 p - a throwing net
Armour
 o - a +0 pair of gloves (worn)
 q - a +0 scale mail (worn)
 t - a +0 cloak (worn)
 v - a +2 hat (worn)
Jewellery
 a - an amulet of reflection (around neck)
 f - a +6 ring of dexterity (left hand)
Wands
 m - a wand of mindburst (15)
 x - a wand of iceblast (9)
Scrolls
 b - a scroll of enchant armour {unknown}
 d - a scroll of torment {unknown}
 e - 3 scrolls of teleportation {unknown}
 g - a scroll of enchant weapon {unknown}
 j - 5 scrolls of identify {unknown}
 l - 2 scrolls of vulnerability {unknown}
 u - a scroll of fog {unknown}
 w - a scroll of holy word {unknown}
Potions
 i - a potion of attraction {unknown}
 n - a potion of curing {unknown}
 s - a potion of haste {unknown}


   Skills:
 + Level 5.6 Fighting
 + Level 5.6 Maces & Flails
 + Level 4.8 Armour
 + Level 4.4 Dodging


You had 5 spell levels left.
You didn't know any spells.
Your spell library was empty.

Dungeon Overview and Level Annotations

Branches:
Dungeon (5/15)
 Temple: D:4-7

Altars:
Trog
Uskayaw

Shops:
D:4 ?

Annotations:
D:5 Grinder


Innate Abilities, Weirdness & Mutations

You have a pair of horns on your head.
You reflexively headbutt those who attack you in melee.


Message History

You feel less confused.
You hear some strange, mumbled words.
You are confused.
Grinder hits you but does no damage. Grinder gestures at you.
Pain shoots through your body!
* * * LOW HITPOINT WARNING * * *
Something hits you but does no damage.
You are too confused!
You miss Grinder.
Grinder is severely wounded.
You hear some strange, mumbled words.
A magic dart appears from out of thin air!
The magic dart hits you.
* * * LOW HITPOINT WARNING * * *
Grinder hits you but does no damage. Something completely misses you.
Grinder hits you.
* * * LOW HITPOINT WARNING * * *
You writhe in agony.
* * * LOW HITPOINT WARNING * * *
You closely miss Grinder. Your headbutt misses Grinder.
Grinder is severely wounded.
You hear some strange, mumbled words.
You are more confused.
Grinder hits you but does no damage. Something hits you but does no damage.
Grinder hits you but does no damage.
Unknown command.
Unknown command.
An orc wizard appears from thin air!
Reactivating autopickup.
The orc wizard closely misses you.
Unknown command.
You closely miss the orc wizard. Your headbutt misses the orc wizard.
The orc wizard barely misses you. Grinder gestures at you.
You resist with significant effort. The orc wizard misses you.
Grinder hits you.
* * * LOW HITPOINT WARNING * * *
You writhe in agony.
You die...

#... .# #.# #... .#
#.# #.#.#. #.# #.#...
#.# #5#..####.#
#.#.o.....#
######.##o# #..#
#....#.##.###o.#######
#.##.#......)5@......#
#.##.####.###..#####.#
#.##...............#
#.##..####=##..###.#
#.#....[....#..#
#.###.......#=.#
#..............#
######.........#
#.........###.#


You could see Grinder and an orc wizard.

Vanquished Creatures
  A black bear (D:5)
  An ogre (D:4)
  A hound (D:4)
  5 orc wizards
  7 adders
  An adder skeleton (D:4)
  A worm (D:3)
  A dart slug (D:3)
  16 orcs
  4 bats
  6 endoplasms
  3 giant cockroaches
  6 hobgoblins
  2 jackals (D:2)
  2 kobolds
  3 quokkas
  4 ball pythons
  3 frilled lizards
  3 goblins
  4 rats
74 creatures vanquished.

Vanquished Creatures (others)
  34 plants (D:3)
34 creatures vanquished.

Grand Total: 108 creatures vanquished

Notes
Turn   | Place    | Note
-------+----------+-------------------------------------------
     0 | D:1      | LLlMATKO the Minotaur Berserker began the quest for the
                  | Orb.
     0 | D:1      | Reached XP level 1. HP: 19/19 MP: 0/0
   287 | D:1      | Reached XP level 2. HP: 27/27 MP: 1/1
   604 | D:1      | Reached XP level 3. HP: 11/33 MP: 2/2
   748 | D:2      | Reached ** piety under Trog
   875 | D:2      | Found a faded altar of an unknown god.
   889 | D:2      | Reached XP level 4. HP: 41/41 MP: 3/3
  1416 | D:3      | Found a bloodstained altar of Trog.
  1698 | D:3      | Reached XP level 5. HP: 47/47 MP: 4/4
  1805 | D:3      | Noticed a +0 dagger
  1806 | D:3      | Noticed a +0 hand axe
  1807 | D:3      | Found a hide-covered altar of Uskayaw.
  2209 | D:4      | Found Nasistoxtu's Magic Scroll Shop.
  2412 | D:4      | Noticed an ogre
  2419 | D:4      | Killed an ogre
  2420 | D:4      | Reached skill level 5 in Fighting
  2420 | D:4      | Reached skill level 5 in Maces & Flails
  2420 | D:4      | Reached XP level 6. HP: 13/56 MP: 5/5
  2798 | D:4      | Reached *** piety under Trog
  3650 | D:4      | Found Nasistoxtu's Magic Scroll Shop.
  3898 | D:5      | Entered Level 5 of the Dungeon
  3988 | D:5      | Noticed Grinder
  3988 | D:5      | Paralysed by Grinder for 4 turns
  4024 | D:5      | Slain by Grinder

Illustrated notes

Levels and vault maps discovered:
D:1:      amcnicky_arrival_gap_in_the_tavern_cellar, layout_rooms
D:2:      layout_rooms, hellmonk_ecumenical_altar_lost_god,
          minmay_split_cup_small
D:3:      layout_rooms, dancing_weapons_uskayaw, overflow_temple_1_default,
          corexii_leaking_fountain, kennysheep_boxes
D:4:      layout_basic, serial_shops, nicolae_take_the_stairs,
          minmay_stone_trees_medium
D:5:      layout_basic, uniq_grinder

Skill      XL: |  1  2  3  4  5  6 |
---------------+-------------------+-----
Fighting       | 4 5 |  5.6
Maces & Flails | 4 5 |  5.6
Armour         | 3 4 |  4.8
Dodging        | 3 4 |  4.4

Action                   |  1- 3 |  4- 6 || total
-------------------------+-------+-------++-------
Melee: Mace              |    28 |       ||    28
       Headbutt          |     8 |    16 ||    24
       Morningstar       |    15 |    87 ||   102
Throw: Stone             |       |     9 ||     9
Invok: Berserk           |     1 |     4 ||     5
 Stab: Sleeping          |     1 |       ||     1
Armor: Animal skin       |     9 |    13 ||    22
       Scale mail        |       |    17 ||    17
Dodge: Dodged            |    31 |    60 ||    91
Block: Other             |     5 |     6 ||    11
